Map: Tokamak LE

Players

sitaska

  • Race: Protoss Protoss
  • League: Diamond
  • Spawn Location: 7:00

BOLIS - Winner!

  • Race: Protoss Protoss
  • League: Diamond
  • Spawn Location: 1:00

VOD

Have the link to the VOD?

Description

Time

  • Played on: July 16, 2025, 12:27 p.m.
  • Length: 4:49
Show
View Real Time Build Order
Export as new Build Order

sitaska Protoss 

Build Orders:  

Get SALT Encoding   

  12  0:01  Probe  
  13  0:13  Probe  
  14  0:18  Pylon  
  14  0:25  Probe  
  15  0:37  Probe  
  15  0:40  Gateway  
  16  0:48  Assimilator  
  16  0:49  Probe  
  17  0:54  Assimilator  
  17  0:57  Probe  
  18  1:05  Probe  
  19  1:15  Probe  
  19  1:16  Gateway  
  20  1:22  Pylon  
  20  1:32  Cybernetics Core  
  20  1:37  Probe  
  21  1:49  Probe, Warp Gate  
  22  2:01  Probe  
  22  2:04  Stalker  
  22  2:05  Stalker  
  27  2:13  Probe  
  28  2:24  Twilight Council  
  28  2:25  Probe  
  29  2:36  Pylon  
  29  2:40  Stalker  
  31  2:51  Stalker  
  31  2:52  Pylon  
  33  3:25  Probe  
  34  3:29  Nexus  
  34  3:38  Shield Battery  
  34  3:41  Gateway  
  34  3:52  Robotics Facility  
  34  4:03  Gateway  
  34  4:14  Stalker x2  
  38  4:23  Pylon  
  36  4:39  Forge  
  36  4:40  Stalker  
Show
View Real Time Build Order
Export as new Build Order

BOLIS Protoss - Winner!

Build Orders:  

Get SALT Encoding   

  1  0:00  Probe  
  12  0:06  Probe  
  14  0:16  Probe  
  15  0:23  Pylon  
  15  0:28  Assimilator  
  15  0:42  Gateway  
  15  0:43  Probe  
  16  0:55  Probe  
  17  1:00  Gateway  
  17  1:07  Probe  
  18  1:19  Probe  
  18  1:20  Assimilator  
  19  1:31  Probe  
  20  1:33  Cybernetics Core  
  20  1:43  Probe  
  21  1:50  Pylon  
  21  1:55  Probe  
  22  2:07  Stalker  
  22  2:08  Probe, Stalker  
  23  2:12  Warp Gate  
  27  2:21  Robotics Facility  
  27  2:31  Pylon  
  27  2:39  Stalker  
  27  2:44  Sentry  
  31  2:58  Gateway  
  31  3:04  Immortal  
  35  3:31  Immortal  
  35  3:32  Pylon  
  39  4:01  Stalker x3  
  45  4:04  Observer  
  46  4:23  Shield Battery  
  46  4:27  Pylon  
Tags
 
Matchup
PvP
Spawn Locations
Cross Positions
Add a new tag
Caveats
  • Supply blocks, unpowered buildings, or Contaminate may cause inaccurate times.
  • Supply counts are checked every 10 seconds.